Map: 2000 Atmospheres LE

Players

A.I. 2 (Elite)

  • Race: Terran Terran

Zorohm - Winner!

  • Race: Zerg Zerg
  • League: Master

VOD

Have the link to the VOD?

Description

Time

  • Played on: Feb. 25, 2022, 8:42 p.m.
  • Length: 5:40
Show
View Real Time Build Order
Export as new Build Order

A.I. 2 (Elite) Terran 

Build Orders:  

Get SALT Encoding   

  12  0:00  SCV  
  13  0:13  SCV  
  14  0:18  Supply Depot  
  14  0:25  SCV  
  14  0:28  Refinery  
  15  0:39  SCV  
  16  0:47  Barracks  
  16  0:51  SCV  
  17  1:04  SCV  
  18  1:16  SCV  
  19  1:34  Marine  
  19  1:35  Supply Depot  
  19  1:36  Orbital Command  
  19  1:39  Factory  
  20  1:47  Barracks  
  20  1:52  Marine  
  21  2:01  SCV  
  22  2:04  Refinery  
  22  2:10  Marine  
  22  2:13  SCV  
  24  2:20  Supply Depot  
  24  2:24  Factory Tech Lab  
  24  2:25  SCV  
  24  2:27  Marine  
  25  2:34  Marine  
  26  2:37  SCV  
  27  2:44  Siege Tank  
  27  2:49  SCV  
  27  2:50  Marine  
  32  2:53  Marine  
  33  3:01  Supply Depot, SCV  
  34  3:08  Marine  
  34  3:10  Marine  
  36  3:16  Siege Tank  
  39  3:22  SCV  
  39  3:25  Marine  
  41  3:28  Marine  
  41  3:30  Supply Depot  
  42  3:39  Starport  
  42  3:44  Barracks Tech Lab  
  42  3:47  Barracks Tech Lab  
  42  3:50  SCV  
  43  4:09  SCV  
  44  4:15  Medivac  
  46  4:17  Supply Depot  
  46  4:40  Marauder  
  46  4:43  Marauder  
  46  4:45  Medivac  
  52  4:55  Command Center  
  52  5:01  Marauder  
  52  5:04  Marine  
  52  5:06  Supply Depot  
  35  5:23  SCV  
Show
View Real Time Build Order
Export as new Build Order

Zorohm Zerg - Winner!

Build Orders: Hatch First 

Get SALT Encoding   

  12  0:00  Drone  
  13  0:12  Overlord  
  13  0:16  Drone  
  14  0:31  Drone x2  
  16  0:48  Hatchery  
  15  0:52  Drone  
  15  0:55  Drone  
  17  0:58  Drone  
  18  1:09  Extractor  
  17  1:14  Spawning Pool  
  17  1:17  Drone  
  17  1:20  Drone  
  18  1:28  Drone  
  19  1:39  Overlord  
  19  1:49  Drone  
  20  2:00  Queen  
  20  2:01  Queen  
  22  2:02  Zergling x4  
  26  2:12  Metabolic Boost  
  26  2:13  Drone  
  26  2:14  Drone  
  28  2:23  Drone x2  
  30  2:34  Hatchery  
  30  2:37  Drone  
  30  2:41  Overlord  
  30  2:44  Drone  
  31  2:46  Drone  
  32  2:54  Drone x2  
  34  3:05  Drone x2  
  36  3:10  Drone  
  36  3:11  Drone x2  
  36  3:12  Drone  
  40  3:15  Roach Warren, Extractor  
  38  3:20  Overlord  
  38  3:22  Overlord  
  38  3:26  Overlord  
  38  3:46  Overlord  
  38  3:55  Roach  
  40  3:56  Roach x8  
  40  3:59  Roach  
  40  4:02  Roach  
  60  4:05  Roach  
  62  4:14  Zergling x4  
  62  4:15  Zergling x6  
  67  4:19  Zergling x4  
  67  4:21  Zergling x2  
  67  4:23  Zergling x2  
  71  4:25  Zergling x2  
  71  4:26  Zergling x2  
  71  4:31  Overlord  
  73  4:33  Zergling x2  
  73  4:35  Zergling x2  
  75  4:40  Zergling x2  
  75  4:43  Zergling x2  
  75  4:44  Zergling x6  
  79  4:50  Ravager x3  
  79  4:52  Overlord  
  82  4:55  Zergling x4  
  82  4:57  Zergling x2  
  84  5:15  Zergling x14  
Tags
 
Add a new tag
Caveats
  • Supply blocks, unpowered buildings, or Contaminate may cause inaccurate times.
  • Supply counts are checked every 10 seconds.